Map: Dusk Towers

Players

capac

  • Race: Terran Terran
  • League: Gold

Shenzen - Winner!

  • Race: Zerg Zerg
  • League: Gold

VOD

Have the link to the VOD?

Description

Time

  • Played on: April 10, 2016, 12:47 p.m.
  • Length: 24:43
Show
View Real Time Build Order
Export as new Build Order

capac Terran 

Build Orders: Reaper Expand, MMM Bio 

Get SALT Encoding   

  12  0:00  SCV  
  13  0:13  SCV  
  14  0:18  Supply Depot  
  14  0:25  SCV  
  15  0:39  SCV  
  15  0:42  Barracks  
  16  0:46  Refinery  
  16  0:52  SCV  
  17  1:04  SCV  
  18  1:16  SCV  
  19  1:30  Reaper  
  19  1:32  Orbital Command  
  20  1:42  Command Center  
  20  1:53  Supply Depot  
  20  2:03  Barracks Reactor  
  20  2:06  SCV  
  21  2:17  Barracks  
  21  2:20  SCV  
  22  2:27  Refinery  
  22  2:28  Factory  
  22  2:32  SCV  
  23  2:41  Marine x2  
  25  2:46  SCV  
  27  2:58  Marine, SCV  
  27  2:59  Marine, Orbital Command  
  29  3:06  Barracks Tech Lab  
  29  3:09  Barracks  
  29  3:10  SCV  
  30  3:14  Factory Tech Lab  
  30  3:19  Starport  
  30  3:28  SCV x2  
  30  3:31  Marine x2  
  30  3:32  Marine  
  35  3:59  SCV x2  
  35  4:01  Barracks Reactor  
  35  4:02  Siege Tank, Medivac  
  41  4:03  Marine x3  
  41  4:08  Supply Depot  
  44  4:11  SCV  
  44  4:12  SCV  
  46  4:20  Stimpack  
  46  4:26  Engineering Bay  
  46  4:27  Engineering Bay  
  46  4:29  SCV x2  
  46  4:31  Supply Depot  
  48  4:33  Marine x3  
  51  4:40  Starport Reactor  
  51  4:43  SCV x2  
  53  4:46  Refinery  
  53  4:52  Marine  
  53  4:55  SCV x2  
  53  4:58  Refinery  
  53  4:59  Supply Depot  
  56  5:03  Marine x2  
  56  5:05  Marine  
  59  5:08  Marine  
  60  5:17  Medivac  
  60  5:21  Supply Depot, Medivac  
  64  5:27  SCV x2  
  66  5:29  Terran Infantry Weapons Level 1  
  66  5:36  Terran Infantry Armor Level 1  
  67  5:42  SCV  
  67  5:43  SCV  
  67  5:48  Marine x5  
  73  5:56  Liberator x2  
  73  6:06  Marine x4  
  77  6:14  Supply Depot  
  83  6:19  Armory, Command Center  
  64  7:06  Marine x4  
  64  7:07  Marine  
  67  7:08  Siege Tank  
  67  7:09  Medivac  
  67  7:10  Medivac  
  67  7:13  SCV x2  
  74  7:21  Barracks  
  74  7:22  Barracks  
  74  7:26  Barracks  
  74  7:30  Marine  
  75  7:41  Siege Tank  
  75  7:42  Marine x4  
  82  7:44  Combat Shields  
  82  7:47  Liberator  
  82  7:48  Liberator  
  82  7:51  Orbital Command  
  82  7:55  Marine  
  83  7:59  Supply Depot  
  83  8:00  Marine x4  
  93  8:14  SCV x2  
  93  8:19  Barracks Reactor x3  
  95  8:20  Marine x2  
  95  8:21  Marine x2  
  95  8:24  Supply Depot  
  95  8:25  Siege Tank  
  95  8:26  Terran Infantry Weapons Level 2  
  102  8:32  Terran Infantry Armor Level 2  
  102  8:39  Refinery  
  102  8:40  SCV x3  
  105  8:46  Supply Depot  
  105  8:51  Supply Depot, Medivac x2  
  105  8:52  SCV x2  
  105  8:53  Supply Depot, SCV  
  112  9:10  Marine x2  
  112  9:11  Marine x6  
  112  9:12  Marine x2  
  112  9:13  Marine  
  123  9:19  Supply Depot  
  123  9:20  Supply Depot  
  123  9:22  SCV x3  
  126  9:34  SCV x3  
  129  9:39  Refinery, Marine x3  
  129  9:40  Marine x6  
  129  9:41  Marine  
  129  9:42  Marauder  
  129  9:43  Concussive Shells  
  129  9:45  Supply Depot  
  141  9:46  SCV x3  
  141  9:48  Supply Depot  
  141  10:13  Marine x4  
  141  10:14  Marine x5  
  124  10:21  Liberator x2  
  111  10:32  SCV x3  
  114  10:37  Siege Tank  
  114  10:38  Missile Turret  
  123  10:44  SCV x2  
  121  10:57  SCV  
  121  10:58  SCV x2  
  124  11:08  Command Center  
  124  11:09  Siege Tank  
  123  11:16  Marine x7  
  123  11:17  Marine x4  
  131  11:33  Marine  
  131  11:34  Marine x7  
  131  11:35  Marine x3  
  131  11:37  Liberator x2  
  136  11:50  Supply Depot  
  136  11:51  Supply Depot, Marine x2  
  136  11:52  Marine x7  
  136  11:53  Marine  
  136  11:54  Siege Tank  
  155  12:02  Starport x2  
  155  12:14  Marine x2  
  155  12:15  Marine x6  
  161  12:35  Marine  
  161  12:36  Marine x6  
  161  12:37  Marine x4  
  168  12:40  Starport Reactor  
  168  12:41  Starport Tech Lab  
  168  12:43  Terran Infantry Armor Level 3, Terran Infantry Weapons Level 3  
  166  12:44  Supply Depot  
  166  12:46  Supply Depot  
  166  12:53  Medivac x2  
  167  13:12  Medivac  
  169  13:49  Liberator  
  169  14:02  Marine x6  
  173  14:03  Marine x5  
  173  14:04  Medivac  
  173  14:05  Medivac x2  
  173  14:06  Medivac  
  182  14:19  Marine  
  182  14:20  Marine  
  138  14:30  Marine  
  138  14:31  Marine x6  
  141  14:32  Marine x2  
  147  14:39  Marine x2  
  147  14:41  Barracks  
  149  14:46  Planetary Fortress  
  149  14:48  Marine x2  
  149  14:49  Marine x7  
  158  14:57  Marine  
  158  14:58  Liberator x2  
  158  14:59  Liberator x2  
  149  15:17  Marine x7  
  149  15:18  Marine x4  
  172  15:34  Marine x2  
  172  15:35  Marine x6, Liberator  
  142  15:36  Marine x3  
  142  15:41  Liberator x2  
  121  15:53  Marine x2  
  121  15:54  Marine x5  
  129  16:00  Marine x3  
  133  16:05  Liberator  
  133  16:06  Liberator  
  115  16:18  Liberator  
  115  16:19  Marine x6  
  115  16:20  Marine  
  119  16:26  Marine x4  
  103  16:36  Marine  
  103  16:37  Marine x6  
  108  16:44  Marine  
  94  17:02  Marine x4  
  94  17:04  Liberator x4  
  95  17:32  Orbital Command  
  95  17:55  Marine  
  95  17:56  Marine x4  
  88  18:30  Marine x4  
  88  18:31  Marine x4  
  92  19:09  Marine x5  
  96  19:10  Marine x2  
  94  19:31  Marine x4  
  81  19:44  Marine x2  
  81  19:45  Marine  
  68  20:05  SCV x2  
  70  20:17  SCV  
  71  20:23  Marine  
  71  20:24  Marine x5  
  74  20:29  Liberator x2  
  74  20:30  Liberator x2  
  85  20:50  SCV x2  
  87  21:02  SCV  
  88  21:09  Marine  
  88  21:10  Marine x6  
  88  21:11  Marine x3  
  97  21:13  Barracks Tech Lab  
  97  21:14  Liberator x2  
  98  21:25  Refinery  
  104  21:41  Marine x5  
  104  21:42  Liberator  
  104  21:44  Liberator  
  112  22:03  Marine  
  112  22:04  Marine  
  117  22:18  Orbital Command  
  117  22:25  Refinery  
  117  23:01  Command Center  
  117  23:19  Liberator x3  
  117  23:30  Marine x4  
  117  23:31  Marine x7  
  134  23:48  Marine  
Show
View Real Time Build Order
Export as new Build Order

Shenzen Zerg - Winner!

Build Orders: Hatch First 

Get SALT Encoding   

  12  0:01  Drone  
  13  0:12  Overlord  
  13  0:17  Drone  
  14  0:30  Drone x2  
  14  0:34  Drone  
  17  0:55  Hatchery  
  17  0:56  Drone  
  17  1:09  Spawning Pool  
  16  1:11  Drone  
  17  1:22  Extractor  
  17  1:24  Drone x2  
  18  1:28  Drone  
  19  1:39  Overlord  
  19  1:50  Drone  
  20  1:56  Queen  
  20  2:00  Zergling x2  
  23  2:06  Queen  
  23  2:07  Drone  
  26  2:11  Drone  
  27  2:19  Drone  
  27  2:22  Metabolic Boost  
  28  2:28  Drone  
  29  2:32  Queen  
  31  2:42  Queen  
  33  2:54  Overlord  
  33  2:59  Overlord  
  33  3:01  Drone  
  33  3:02  Drone  
  33  3:03  Drone  
  36  3:25  Drone x3, Spore Crawler  
  36  3:26  Drone x3  
  36  3:27  Drone x3  
  44  3:38  Spore Crawler  
  43  3:51  Hatchery  
  42  4:10  Drone  
  42  4:12  Extractor, Drone x2  
  42  4:15  Extractor  
  43  4:18  Roach Warren, Lair  
  42  4:34  Zergling x10  
  42  4:35  Zergling x6  
  50  4:39  Overlord x2  
  50  4:40  Overlord  
  50  4:46  Hatchery, Drone  
  50  4:48  Drone  
  50  4:52  Drone  
  52  5:01  Drone  
  52  5:03  Drone x2  
  52  5:05  Drone  
  56  5:08  Extractor  
  55  5:21  Drone, Spore Crawler  
  55  5:22  Drone x4  
  59  5:30  Drone x3  
  59  5:32  Drone  
  63  5:37  Drone  
  64  5:43  Drone x3  
  67  5:52  Pneumatized Carapace  
  67  5:56  Roach x4  
  75  6:15  Drone x2  
  75  6:16  Drone  
  75  6:17  Drone x4  
  82  6:19  Overlord x2  
  82  6:22  Ravager x4  
  86  6:37  Zergling x24  
  86  6:38  Zergling x2  
  82  6:48  Zergling x6  
  82  6:49  Zergling x10  
  80  6:54  Queen x2  
  80  6:55  Queen x2  
  80  7:12  Extractor, Drone x2  
  80  7:13  Drone  
  80  7:14  Extractor  
  81  7:16  Drone x2  
  81  7:17  Drone  
  84  7:27  Evolution Chamber x2  
  84  7:28  Drone  
  84  7:29  Drone x2  
  85  7:30  Drone  
  85  7:31  Drone x2  
  88  7:39  Drone  
  88  7:41  Drone  
  90  7:48  Overlord x2  
  90  7:51  Drone  
  91  7:58  Zerg Ground Armor Level 1, Zerg Melee Weapons Level 1  
  91  7:59  Spire  
  89  8:33  Hatchery  
  88  8:38  Hatchery  
  87  8:43  Roach  
  87  8:44  Infestation Pit, Roach x3  
  87  8:48  Roach x4  
  100  8:50  Overlord  
  100  8:51  Overlord x3  
  102  8:57  Queen  
  102  8:59  Queen  
  106  9:18  Zerg Flyer Weapons Level 1  
  106  9:21  Ravager x3  
  106  9:22  Ravager x5  
  114  9:24  Zergling x2  
  114  9:25  Zergling x50  
  114  9:30  Hive  
  140  9:32  Baneling Nest  
  138  10:07  Zergling x30  
  136  10:08  Zergling x28  
  116  10:34  Drone  
  116  10:35  Drone x11  
  94  10:53  Overlord x3  
  94  10:57  Zerg Melee Weapons Level 2, Zerg Ground Armor Level 2  
  94  11:00  Roach x5  
  94  11:01  Roach x5  
  94  11:02  Roach  
  116  11:15  Spore Crawler  
  116  11:18  Spine Crawler  
  114  11:21  Spore Crawler  
  111  11:30  Mutalisk x4  
  111  11:31  Mutalisk x7  
  111  11:32  Mutalisk x5  
  127  11:35  Zergling x2  
  127  11:36  Zergling x14  
  127  11:44  Zergling x2  
  127  11:45  Zergling x14  
  125  12:01  Ultralisk Cavern  
  125  12:03  Zergling x14  
  125  12:04  Zergling x6  
  125  12:05  Baneling x6  
  125  12:06  Baneling x6  
  125  12:07  Baneling x3  
  125  12:08  Baneling  
  131  12:11  Centrifical Hooks  
  131  12:19  Zergling x4  
  131  12:20  Zergling x6  
  128  13:04  Queen  
  130  13:10  Hatchery  
  129  13:14  Extractor  
  129  13:16  Extractor  
  127  13:31  Chitinous Plating  
  127  13:35  Zerg Missile Weapons Level 1, Zerg Ground Armor Level 3  
  127  13:41  Hydralisk Den  
  127  13:42  Zergling x2  
  127  13:43  Zergling x36  
  145  13:51  Overseer x2  
  92  14:25  Zergling x2  
  92  14:26  Zergling x36  
  109  14:47  Baneling  
  109  14:48  Baneling x12  
  109  14:49  Baneling x2  
  109  14:50  Baneling x3  
  109  14:51  Baneling  
  109  14:53  Ultralisk x4  
  109  14:54  Ultralisk x2  
  109  14:56  Zergling x2  
  109  14:57  Zergling x12  
  141  15:10  Zergling x2  
  141  15:11  Zergling x36  
  159  15:16  Mutalisk x3  
  159  15:17  Mutalisk x4  
  159  15:18  Mutalisk  
  145  15:54  Zergling x14  
  145  15:55  Zergling x22  
  154  16:18  Zergling x2  
  154  16:19  Zergling x22  
  152  16:47  Zergling x6  
  152  16:48  Zergling x20  
  111  17:23  Ultralisk x4  
  111  17:25  Spore Crawler  
  111  17:29  Spine Crawler x2, Spore Crawler  
  131  17:30  Spore Crawler  
  130  17:47  Burrow  
  130  18:00  Baneling x2  
  130  18:01  Baneling x7  
  130  18:02  Baneling x5  
  130  18:03  Baneling x2  
  96  18:21  Zergling x2  
  96  18:22  Zergling x40  
  90  18:35  Corruptor x3  
  90  18:36  Corruptor x2  
  100  18:51  Corruptor x3  
  106  19:04  Spore Crawler  
  94  19:20  Zergling x2  
  94  19:21  Zergling x34  
  107  19:27  Queen x2  
  78  20:28  Zergling x18  
  73  20:29  Zergling x18  
  84  21:12  Corruptor x6  
  84  21:13  Corruptor x6  
  84  21:14  Corruptor  
  84  21:18  Corruptor  
  110  21:22  Hatchery  
  111  21:26  Overseer  
  111  21:29  Overseer  
  111  21:39  Corruptor x2  
  115  22:02  Ultralisk x2  
  127  22:30  Ultralisk x2  
  127  22:33  Baneling x2  
  127  22:34  Baneling  
  127  22:35  Baneling x3  
  127  22:36  Baneling x2  
  139  22:45  Overlord  
  139  22:54  Ultralisk  
  145  23:01  Ultralisk  
  150  23:22  Zergling x16  
  150  23:23  Zergling x16  
  146  24:01  Zergling x2  
  146  24:02  Zergling x34  
  158  24:03  Zergling x4  
  142  24:19  Zergling x6  
  142  24:20  Zergling x6  
Tags
 
Add a new tag
Caveats
  • Supply blocks, unpowered buildings, or Contaminate may cause inaccurate times.
  • Supply counts are checked every 10 seconds.